 Dungeon Sprint DCSS version 0.26-a0-652-gafc20e3620 (webtiles) character file.

Game seed: 12176395079132446631

544 TerrariaFan the Grappler (level 7, -3/114 HPs)
             Began as a Troll Monk on Oct 1, 2020.
             Was an Initiate of Gozag.
             Slain by an 11-headed hydra (10 damage)
             ... in the Dungeon (Sprint IX: "|||||||||||||||||||||||||||||").
             The game lasted 00:00:42 (356 turns).

TerrariaFan the Grappler (Troll Monk)                Turns: 356, Time: 00:00:43

Health: -3/114     AC:  6    Str: 22    XL:     7   Next: 6%
Magic:  6/6        EV: 13    Int:  6    God:    Gozag
Gold:   324        SH:  0    Dex: 12    Spells: 6/6 levels left

rFire    . . .     SeeInvis .     - Unarmed
rCold    . . .     Faith    .   (no shield)
rNeg     . . .     Spirit   .   a - +0 robe
rPois    .         Reflect  .   (helmet restricted)
rElec    .         Harm     .   (no cloak)
rCorr    .         Rampage  .   (gloves unavailable)
MR       .....     NoTele   +   (boots unavailable)
Stlth    ..........             (no amulet)
HPRegen  0.69/turn              (no ring)
MPRegen  0.10/turn              (no ring)

@: berserking (expiring), gold aura, very quick
A: large, unfitting armour, claws 3, regeneration 1, shaggy fur 1, tough skin 3
a: Potion Petition, Call Merchant, Bribe Branch, Renounce Religion


You were in the Dungeon.
You worshipped Gozag.
Gozag was aware of your devotion.
You visited 1 branch You collected 324 gold pieces.

Inventory:

Armour
 a - a +0 robe (worn)
Jewellery
 l - a +3 ring of intelligence
 m - a +3 ring of intelligence
Wands
 k - a wand of acid (10)
Scrolls
 g - 2 scrolls of blinking
 i - 3 scrolls of remove curse
 j - 2 scrolls of amnesia
Potions
 b - 5 potions of curing
 c - 3 potions of heal wounds
 d - a potion of haste
 e - 4 potions of magic
 h - a potion of invisibility


   Skills:
 + Level 6.4 Fighting
 + Level 7.1 Dodging
 + Level 2.0 Stealth
 + Level 10.8 Unarmed Combat


You had 6 spell levels left.
You didn't know any spells.
Your spell library was empty.

Dungeon Overview and Level Annotations

Branches:
Dungeon (1/1)

Altars:
Cheibriados
Dithmenos
Elyvilon
Fedhas
Gozag
Hepliaklqana
Kikubaaqudgha
Makhleb
Nemelex Xobeh
Okawaru
Qazlal
Ru
Sif Muna
Trog
Uskayaw
Vehumet
Wu Jian
Xom
Yredelemnul
Zin
The Shining One
Beogh
Jiyva
Lugonu


Innate Abilities, Weirdness & Mutations

You are too large for most types of armour.
You have claws for hands.
Your natural rate of healing is unusually fast.
You are covered in fur. (AC +1)
You have extremely tough skin. (AC +3)


Message History

The nine-headed hydra bites you.
* * * LOW HITPOINT WARNING * * *
You claw one of the nine-headed hydra's heads off!
The eight-headed hydra grows two more!
You mangle the ten-headed hydra!!
The ten-headed hydra is moderately wounded.
Unknown command.
You rip one of the ten-headed hydra's heads off!
The nine-headed hydra grows two more!
You mangle the 11-headed hydra!!
The 11-headed hydra is heavily wounded.
The bullfrog becomes distracted by the nearby gold, dreaming of imaginary riches.
The 11-headed hydra bites you but does no damage.
The 11-headed hydra closely misses you. The 11-headed hydra bites you!
* * * LOW HITPOINT WARNING * * *
The 11-headed hydra closely misses you. The 11-headed hydra bites you!
* * * LOW HITPOINT WARNING * * *
The 11-headed hydra bites you!
* * * LOW HITPOINT WARNING * * *
The 11-headed hydra bites you!
You die...
Your body crumbles into a pile of gold. $$$$$ $ $ $ $$$$$ $ $ ▓▓▓▓▓▓▓▓▓▓▓▓▓▓▓▓▓▓▓▓▓▓▓▓ .F.OOoD@.....'..[[[.)..' ▓▓▓▓▓▓▓▓▓▓▓▓▓▓▓▓▓▓▓▓▓▓▓▓

You could see a 11-headed hydra, a two-headed ogre, an ogre, a bullfrog (unaware) and an orc.

Vanquished Creatures
  An ugly thing (D)
  A howler monkey (D)
  2 hounds (D)
  An iguana (D)
  2 adders (D)
  A worm (D)
  An orc (D)
  2 jackals (D)
  2 bats (D)
  A quokka zombie (D)
  3 rats (D)
17 creatures vanquished.

Notes
Turn   | Place    | Note
-------+----------+-------------------------------------------
     0 | D        | TerrariaFan the Troll Monk began the quest for the Orb.
     0 | D        | Reached XP level 1. HP: 22/22 MP: 0/0
    35 | D        | Reached XP level 2. HP: 18/31 MP: 1/1
    36 | D        | Reached skill level 4 in Unarmed Combat
    61 | D        | Found a roughly hewn altar of Beogh.
    61 | D        | Found a snail-covered altar of Cheibriados.
    61 | D        | Found a shadowy altar of Dithmenos.
    61 | D        | Found a white marble altar of Elyvilon.
    61 | D        | Found a blossoming altar of Fedhas.
    61 | D        | Found an opulent altar of Gozag.
    62 | D        | Found a hazy altar of Hepliaklqana.
    63 | D        | Found a viscous altar of Jiyva.
    64 | D        | Found an ancient bone altar of Kikubaaqudgha.
    65 | D        | Found a corrupted altar of Lugonu.
    66 | D        | Found a burning altar of Makhleb.
    67 | D        | Found a sparkling altar of Nemelex Xobeh.
    68 | D        | Found an iron altar of Okawaru.
    69 | D        | Found a stormy altar of Qazlal.
    72 | D        | Found a sacrificial altar of Ru.
    73 | D        | Found a shimmering blue altar of Sif Muna.
    74 | D        | Found a bloodstained altar of Trog.
    75 | D        | Found a hide-covered altar of Uskayaw.
    76 | D        | Found a radiant altar of Vehumet.
    77 | D        | Found an ornate altar of the Wu Jian Council.
    78 | D        | Found a shimmering altar of Xom.
    79 | D        | Found a basalt altar of Yredelemnul.
    80 | D        | Found a glowing silver altar of Zin.
    81 | D        | Found a glowing golden altar of the Shining One.
    95 | D        | Became a worshipper of Gozag Ym Sagoz the Greedy
   132 | D        | Noticed a howler monkey
   142 | D        | Reached skill level 5 in Unarmed Combat
   142 | D        | Reached XP level 3. HP: 33/39 MP: 2/2
   147 | D        | Reached skill level 6 in Unarmed Combat
   147 | D        | Reached XP level 4. HP: 25/48 MP: 3/3
   152 | D        | Reached skill level 5 in Dodging
   152 | D        | Reached skill level 7 in Unarmed Combat
   162 | D        | Reached XP level 5. HP: 13/55 MP: 4/4
   342 | D        | Noticed a two-headed ogre
   342 | D        | Noticed an ogre
   342 | D        | Noticed a six-headed hydra
   342 | D        | Noticed a red ugly thing
   351 | D        | Killed a red ugly thing
   351 | D        | Reached skill level 10 in Unarmed Combat
   351 | D        | Reached XP level 6. HP: 58/68 MP: 5/5
   351 | D        | Reached XP level 7. HP: 65/76 MP: 6/6
   356 | D        | Slain by an 11-headed hydra

Illustrated notes

Levels and vault maps discovered:
D:        linesprint [early_d, line_temple, items_1, d_10, items_2, lair_1,
          lair_end, items_3, orc_1, orc_end, items_4, d_15, swamp_1, shoals_1,
          snake_1, spider_1, d_20, vaults_1, items_5, swamp_end, shoals_end,
          snake_end, spider_end, vaults_end, d_27, items_6, zot_1, zot_end,
          crypt_end, forest_end, elf_end, slime_end, tomb_end, abyss_end,
          pan_hell_end]

Skill      XL: |  1  2  3  4  5 |
---------------+----------------+-----
Dodging        | 3 4 5 7 |  7.1
Fighting       | 3 4 6 |  6.4
Unarmed Combat | 5 6 7 10 | 10.8
Stealth        | 2 |  2.0

Action                   |  1- 3 |  4- 6 |  7- 9 || total
-------------------------+-------+-------+-------++-------
Melee: Unarmed           |    43 |    23 |     5 ||    71
       Punch             |       |     1 |       ||     1
  Use: Potion            |       |     1 |       ||     1
Armor: Robe              |    18 |     3 |     4 ||    25
Dodge: Dodged            |    18 |    10 |    10 ||    38

Table legend: (Time is in decaauts)
 A = Elapsed time spent in this place.
 B = Non-inter-level travel time spent in this place.
 C = Inter-level travel time spent in this place.
 D = Time resting spent in this place.
 E = Time spent auto-exploring this place.
 F = Levels seen in this place.
 G = Mean time per level.
                   A        B        C        D        E       F      G
               +--------+--------+--------+--------+--------+-----+--------+
         Total |    345 |    334 |     11 |    187 |      0 |   1 |  345.0 |
       Dungeon |    345 |    334 |     11 |    187 |      0 |   1 |  345.0 |
               +--------+--------+--------+--------+--------+-----+--------+

Top non-repeatable levels by time:
       D: 345 daAuts
